 Dungeon Crawl Stone Soup version 0.31-a0-854-g362426d53f (webtiles) character file.

Game seed: 6456716547650872613

32 Max4BY the Trooper (level 3, -1/33 HPs)
             Began as a Draconian Berserker on Oct 5, 2023.
             Was a Follower of Trog.
             Slain by a goblin
             ... wielding a +0 club
             ... led by Robin
              (3 damage)
             ... on level 2 of the Dungeon on Oct 8, 2023.
             The game lasted 00:16:31 (1846 turns).

Max4BY the Trooper (Draconian Berserker)            Turns: 1846, Time: 00:16:31

Health: -1/33      AC:  6    Str: 21    XL:     3   Next: 8%
Magic:  3/3        EV: 12    Int:  7    God:    Trog [*.....]
Gold:   67         SH:  0    Dex: 10    Spells: 2/2 levels left

rFire   . . .        a - +1 falchion
rCold   . . .        (no shield)
rNeg    . . .        (body armour unavailable)
rPois   .            (helmet restricted)
rElec   .            (no cloak)
rCorr   .            c - +0 pair of gloves
SInv    .            (no boots)
Will    .....        (no amulet)
Stlth   +            (no ring)
HPRegen 0.25/turn    (no ring)
MPRegen 0.08/turn

%: no passive effects
@: no status effects
A: AC +5, unfitting armour, cold-blooded
a: Renounce Religion, Berserk


You were on level 2 of the Dungeon.
You worshipped Trog.
Trog was aware of your devotion.
You visited 1 branch of the dungeon, and saw 2 of its levels.

You collected 67 gold pieces.

Inventory:

Hand Weapons
 a - a +1 falchion (weapon)
 e - a +0 mace
 g - a +0 club
 i - a +0 hand axe
Missiles
 h - 17 stones (quivered)
Armour
 c - a +0 pair of gloves (worn)
 f - a +0 leather armour
Scrolls
 k - 2 scrolls of enchant weapon
Potions
 b - a potion of resistance {unknown}
 d - 2 potions of enlightenment {unknown}
 j - a potion of haste {unknown}
 l - a potion of degeneration {unknown}
 m - a potion of curing {unknown}


   Skills:
 + Level 3.7 Fighting
 + Level 3.6 Long Blades
 + Level 2.9 Dodging
 + Level 0.3 Stealth


You had 2 spell levels left.
You didn't know any spells.
Your spell library was empty.

Dungeon Overview and Level Annotations

Branches:
Dungeon (2/15)

Altars:

Annotations:
D:2 Robin


Innate Abilities, Weirdness & Mutations

Your plain brown scales are hard. (AC +5)
You cannot fit into any form of body armour.
You are cold-blooded and may be slowed by cold attacks.


Message History

A goblin comes into view. It is wielding a +0 club.
The goblin hits you with a +0 club.
The goblin hits you but does no damage. x2
The goblin hits you with a +0 club.
Robin roars a battlecry!
The goblins go into a battle-frenzy!
You hit the goblin.
You kill the goblin!
Trog accepts your kill.
The goblin hits you with a +0 club. x2; The goblin hits you but does no damage.
Robin throws the goblin at you! The goblin misses you.
The goblin barely misses you. The goblin closely misses you.
The goblin hits you with a +0 dagger.
Items here: ))) ††.
A hobgoblin comes into view.
The hobgoblin shouts!
You hear a shout!
The goblin barely misses you. The goblin attacks as it pursues you!
The goblin hits you with a +0 dagger.
A goblin comes into view. It is wielding a +0 club.
The goblin hits you with a +0 dagger.
Robin roars a battlecry!
The goblin goes into a battle-frenzy!
The hobgoblin moves out of view.
The goblin hits you with a +0 dagger. The goblin hits you but does no damage.
The goblin attacks as it pursues you! The goblin hits you with a +0 dagger.
Robin throws the goblin at you! The goblin closely misses you. x2
The goblin attacks as it pursues you! The goblin barely misses you.
The goblin hits you with a +0 dagger.
* * * LOW HITPOINT WARNING * * *
The goblin attacks as it pursues you! The goblin hits you with a +0 dagger.
* * * LOW HITPOINT WARNING * * *
There are monsters nearby!
You barely miss the goblin. The goblin hits you but does no damage.
You hit the hobgoblin.
Your tail-slap misses the hobgoblin.
The hobgoblin is moderately wounded.
The goblin hits you but does no damage. The hobgoblin barely misses you.
The goblin barely misses you. The goblin hits you but does no damage.
The hobgoblin no longer looks unusually strong.
The goblin closely misses you. The goblin hits you with a +0 club.
You die...

#..... ###.## ##. #...#
##.#..## ##.# #...#
##....#.###.##
#...######.....##.#.###
#####...÷....##...####.#...
..........÷..###[#.#####...
.........g.................
.......ggg...##..#.#####...
.##.#.gg.g@..##..#)#####...
#.#..g#g#####..#.##..(... #
#...#.# #..#.##.####.
#.#.g.#.# #.........##.
#...g...# #######.#.#.>
#.......# #.#....
......#.##.# #......
##......##<# ###.##.
#.....### .# #.##.


You could see Robin, 2 hobgoblins and 6 goblins.

Vanquished Creatures
  An adder (D:2)
  6 ball pythons
  An endoplasm (D:1)
  7 goblins
  A hobgoblin (D:1)
  A kobold (D:1)
  2 rats
19 creatures vanquished.

Notes
Turn   | Place    | Note
-------+----------+-------------------------------------------
     0 | D:1      | Max4BY the Draconian Berserker began the quest for the Orb.
     0 | D:1      | Reached XP level 1. HP: 19/19 MP: 1/1
   199 | D:1      | Upgraded the game from 0.31-a0-851-g7ff8af7976 to
                  | 0.31-a0-854-g362426d53f
   676 | D:1      | Reached XP level 2. HP: 24/26 MP: 2/2
  1829 | D:2      | Noticed Robin
  1834 | D:2      | Reached XP level 3. HP: 30/33 MP: 3/3
  1843 | D:2      | HP: 1/33 [goblin/+0 dagger[Robin] (5)]
  1846 | D:2      | Slain by a goblin

Illustrated notes

Levels and vault maps discovered:
D:1:      matt_arrival_spirals, layout_loops_ring
D:2:      layout_loops_cross, serial_bayou_crossing, uniq_natasha, uniq_robin

Action                     || total
---------------------------++-------
  Melee: Falchion          ||    63
         Tailslap          ||     5
    Use: Scroll            ||     1
   Stab: Sleeping          ||     1
 Armour: Skin              ||    62
  Dodge: Dodged            ||    41

Table legend: (Time is in decaauts)
 A = Elapsed time spent in this place.
 B = Non-inter-level travel time spent in this place.
 C = Inter-level travel time spent in this place.
 D = Time resting spent in this place.
 E = Time spent auto-exploring this place.
 F = Levels seen in this place.
 G = Mean time per level.
                   A        B        C        D        E       F      G
               +--------+--------+--------+--------+--------+-----+--------+
         Total |   1853 |    433 |   1420 |     33 |    157 |   2 |  926.5 |
       Dungeon |   1853 |    433 |   1420 |     33 |    157 |   2 |  926.5 |
               +--------+--------+--------+--------+--------+-----+--------+

Top non-repeatable levels by time:
     D:1: 1548 daAuts
     D:2: 305 daAuts
